 Dungeon Crawl Stone Soup version 0.17.0-56-gd8de76c (webtiles) character file.

110 ventricule the Slasher (level 5, -7/43 HPs)
             Began as a Formicid Wanderer on Dec 5, 2015.
             Mangled by Natasha (8 damage)
             ... on level 2 of the Dungeon.
             The game lasted 00:02:40 (1959 turns).

ventricule the Slasher (Formicid Wanderer)          Turns: 1959, Time: 00:02:40

Health: -7/43      AC:  8    Str: 19    XL:     5   Next: 14%
Magic:  5/5        EV:  9    Int: 10    God:
Gold:   108        SH:  0    Dex: 10    Spells: 0 memorised, 4 levels left

rFire  . . .     SeeInvis +     b - +0 falchion
rCold  . . .     Clarity  .     a - +2 scale mail
rNeg   . . .     SustAt   .     (no shield)
rPois  .         Gourm    .     (helmet unavailable)
rElec  .         Spirit   .     (no cloak)
rCorr  .         Warding  .     (no gloves)
rMut   .         Stasis   +     (no boots)
MR     .....                    (no amulet)
Stlth  ..........               (no ring)
                                (no ring)

@: not resistant to hostile enchantments, extremely unstealthy
A: permanent stasis, dig shafts and tunnels, four strong arms, antennae 3
a: Dig, Shaft Self


You were on level 2 of the Dungeon.
You were hungry.

You visited 1 branch of the dungeon, and saw 2 of its levels.

You collected 108 gold pieces.


Innate Abilities, Weirdness & Mutations

You are under a permanent stasis effect.
You can dig through walls and to a lower floor.
Your four strong arms can wield two-handed weapons with a shield.
You have a pair of large antennae on your head (SInv).


   Skills:
 - Level 4.3 Fighting
 + Level 4.9 Long Blades
   Level 1.0 Maces & Flails
 - Level 1.1 Armour
 - Level 2.4 Stealth


You had 4 spell levels left.
You didn't know any spells.

Inventory:

Hand Weapons
 b - a +0 falchion (weapon)
 d - a +0 dagger
Armour
 a - a +2 scale mail (worn)
Scrolls
 f - a scroll of fog {unknown}
 h - 4 scrolls of identify {unknown}
 l - a scroll of enchant armour {unknown}
 n - a scroll of immolation {unknown}
 p - a scroll of magic mapping {unknown}
Potions
 c - a potion of lignification {!q}
 g - 5 potions of degeneration {unknown}
 i - a potion of brilliance {unknown}
 j - a potion of resistance {unknown}
 k - a potion of haste {unknown}
 m - a potion of poison {unknown}
 o - a potion of heal wounds {unknown}
Comestibles
 e - 2 bread rations

Dungeon Overview and Level Annotations

Branches:
Dungeon (2/15)

Altars:
Gozag
Zin

Annotations:
D:2 Natasha

▒▒...▒▒ ▒▒...▒▒ ▒▒...▒▒..▒
▒.
.▒▒'▒▒▒▒▒▒▒'▒▒▒▒▒▒▒'▒▒..▒▒
▒▒
.......................▒▒
.................h.....▒
...............{{{.....▒
▒▒▒+▒▒▒▒▒▒▒'▒▒▒▒▒▒▒'▒▒▒▒
▒▒...▒▒ ▒▒...▒▒
▒▒..†..▒▒▒h....▒▒
▒.......▒a(.....▒
▒.......▒.......▒
▒.......▒.......▒
▒▒.....▒▒▒.....▒▒ ▒▒...▒▒
▒▒...▒▒ ▒▒▒▒▒ ▒▒▒▒▒


You could see Natasha.


Message History

The crimson imp barely misses you. Natasha casts a spell at you.
The magic dart hits you!
There is an open door here.
Your transformation is almost over.
The crimson imp blinks!
You are feeling hungry.
Natasha zaps a wand.
You resist with some effort.
Natasha mumbles some strange words.
Natasha casts a spell at you. The magic dart hits you!
* * * LOW HITPOINT WARNING * * *
Natasha zaps a wand.
You resist with some effort.
Natasha zaps a wand.
Natasha casts a spell at you. The magic dart hits you!
* * * LOW HITPOINT WARNING * * *
Your transformation has ended.
You closely miss Natasha. Natasha claws you but does no damage.
You barely miss Natasha. Natasha barely misses you.
You slash Natasha!
Natasha is severely wounded.
Natasha casts a spell at you. The magic dart hits you!
* * * LOW HITPOINT WARNING * * *
Are you sure you want to shaft yourself?
You feel quite a bit more hungry.
Natasha zaps a wand.
You resist with some effort. Natasha claws you!
You die...

Action                   |  1- 3 |  4- 6 || total
-------------------------+-------+-------++-------
Melee: Falchion          |   143 |    21 ||   164
       Unarmed           |       |    13 ||    13
 Abil: Shaft Self        |       |     1 ||     1
  Eat: Chunk             |     2 |     1 ||     3

Vault maps used:
D:1:      dpeg_arrival_chase
D:2:      kennysheep_six_static_rooms, grunt_temple_overflow_gold_and_silver,
          hex_intersection, minmay_bad_closet, uniq_natasha, uniq_jessica

Notes
Turn   | Place    | Note
--------------------------------------------------------------
     0 | D:1      | ventricule the Formicid Wanderer began the quest for the Orb.
     0 | D:1      | ventricule set off with: a +2 scale mail, a +0 falchion, a potion of lignification {!q}, a +0 dagger, a bread ration
     0 | D:1      | Reached XP level 1. HP: 20/20 MP: 1/1
   263 | D:1      | Reached XP level 2. HP: 26/26 MP: 2/2
   880 | D:2      | Reached skill level 3 in Long Blades
  1051 | D:2      | Reached XP level 3. HP: 31/31 MP: 3/3
  1486 | D:2      | Noticed Jessica
  1496 | D:2      | Killed Jessica
  1496 | D:2      | Reached skill level 4 in Long Blades
  1496 | D:2      | Reached XP level 4. HP: 38/38 MP: 4/4
  1686 | D:2      | Found a glowing silver altar of Zin.
  1687 | D:2      | Found an opulent altar of Gozag.
  1791 | D:2      | Noticed Natasha
  1792 | D:2      | Killed Natasha
  1792 | D:2      | Reached XP level 5. HP: 43/43 MP: 5/5
  1924 | D:2      | Noticed Natasha
  1957 | D:2      | HP: 1/43 [Natasha/magic dart (9)]
  1959 | D:2      | Mangled by Natasha

Vanquished Creatures
  Jessica (D:2)
  Natasha (D:2)
  2 adders (D:2)
  3 worms (D:2)
  2 hobgoblins (D:2)
  A jackal (D:2)
  7 kobolds
  A quokka (D:2)
  5 bats
  A giant cockroach (D:2)
  6 giant newts
  5 goblins (D:2)
  7 rats
42 creatures vanquished.
